 Dungeon Crawl Stone Soup version 0.18-a0-1347-gb9e2fb4 (webtiles) character file.

1295 Ratboiler the Zephyrmancer (level 8, 0/43 HPs)
             Began as a Deep Elf Wanderer on Feb 17, 2016.
             Slain by a giant frog (6 damage)
             ... on level 6 of the Dungeon.
             The game lasted 00:19:15 (7217 turns).

Ratboiler the Zephyrmancer (Deep Elf Wanderer)      Turns: 7217, Time: 00:19:16

Health: 0/43       AC:  2    Str:  7    XL:     8   Next: 30%
Magic:  16/16      EV: 12    Int: 20    God:
Gold:   266        SH:  0    Dex: 16    Spells: 2 memorised, 12 levels left

rFire  . . .     SeeInvis .     a - +1 spear (pierce)
rCold  . . .     Gourm    .     d - +0 robe
rNeg   . . .     Faith    .     (no shield)
rPois  .         Spirit   .     (no helmet)
rElec  .         Dismiss  .     (no cloak)
rCorr  .         Reflect  .     (no gloves)
SustAt .         Harm     .     (no boots)
MR     .....                    (no amulet)
Stlth  ++........               (no ring)
                                (no ring)

@: repel missiles, not resistant to hostile enchantments, unstealthy
A: no striking features
a: no special abilities


You were on level 6 of the Dungeon.
You were very hungry.

You visited 1 branch of the dungeon, and saw 6 of its levels.
You also visited: Ossuary.

You collected 266 gold pieces.

Inventory:

Hand Weapons
 a - a +1 spear of piercing (weapon)
 b - a +3 spear
 A - a +4 short sword of venom
 G - a +0 shortbow
Missiles
 l - 22 poisoned needles
 I - 17 arrows
Armour
 d - a +0 robe (worn)
Magical Staves
 y - an uncursed staff of summoning
Jewellery
 B - an uncursed ring of fire
Scrolls
 i - 2 scrolls of recharging
 j - 3 scrolls of magic mapping
 m - a scroll of fear {unknown}
 n - 2 scrolls of enchant weapon
 o - a scroll of amnesia {unknown}
 p - 2 scrolls of immolation {unknown}
 q - 2 scrolls of teleportation
 s - a scroll of fog {unknown}
 t - 6 scrolls of remove curse
 x - 4 scrolls of identify {unknown}
 K - a scroll of brand weapon {unknown}
Potions
 e - a potion of cancellation {unknown}
 g - 3 potions of cure mutation {unknown}
 k - 3 potions of ambrosia {unknown}
 r - a potion of degeneration {unknown}
 w - a potion of lignification {unknown}
 z - 2 potions of curing
 C - a potion of haste {unknown}
 D - 3 potions of heal wounds {unknown}
 E - 2 potions of agility {unknown}
 F - 2 potions of beneficial mutation {unknown}
 H - a potion of berserk rage {unknown}
 L - a potion of resistance {unknown}
 M - a potion of magic {unknown}
Books
 c - the Catalogue of Lightness

   Spells                             Type                      Level
   a - Shock                          Conjuration/Air              1
   b - Repel Missiles                 Charms/Air                   2
Miscellaneous
 v - a plain deck of defence
Comestibles
 f - 3 bread rations
 u - 3 meat rations


   Skills:
 - Level 1.5 Fighting
 - Level 1.3 Polearms
 - Level 1.2 Dodging
 - Level 2.4 Stealth
 - Level 4.0 Spellcasting
 + Level 4.2 Conjurations
 - Level 9.0 Air Magic


You had 12 spell levels left.
You knew the following spells:

 Your Spells              Type           Power        Failure   Level  Hunger
a - Shock                 Conj/Air       ####         1%          1    None
b - Repel Missiles        Chrm/Air       ###...       2%          2    #......


Dungeon Overview and Level Annotations

Branches:
Dungeon (6/15)
 Temple: D:4-7

Altars:
Dithmenos
Gozag
Kikubaaqudgha
Nemelex Xobeh

Annotations:
D:3 BenSoosneb's ghost, amateur HOGl


Message History

The giant frog hits you.
* * * LOW HITPOINT WARNING * * *
The giant frog closely misses you. The giant frog closely misses you.
A sky beast appears from thin air!
Reactivating autopickup.
The giant frog closely misses you.
The sky beast flickers out of sight!
Deactivating autopickup; reactivate with Ctrl-A.
The giant frog barely misses you. The giant frog barely misses you.
The giant frog hits you.
* * * LOW HITPOINT WARNING * * *
The giant frog hits you.
* * * LOW HITPOINT WARNING * * *
Found a dagger.
A jackal zombie comes into view.
The giant frog barely misses you. The giant frog hits you.
You die...

*,,,..# *,**+** *,#...#
*.#*,,* *.#...##
####.#*,,* *......#
#....******** #..#...#
#.#..,,,,,,,* ..##.#.#
####.#Z###****,*
.###.#.###....#.#>##,**.*
##.'...#......#.#..#....*
.###...#.###...F@...)#***
..##..........#.#.####
...#...######{..#.#
........Z.....#...#
...#.########.#.###
..##.# #.#.# ยง###.#
#.#.# ##,+.# #.#.# .#*#.#
#.#,*


You could see a giant frog and a jackal zombie.

Vanquished Creatures
  A centaur (D:5)
  4 elf zombies (Ossuary)
  A giant frog (D:6)
  6 centaur zombies
  A gnoll shaman (D:4)
  2 hounds (D:5)
  3 orc wizards
  3 human zombies (Ossuary)
  Terence (D:3)
  An iguana (D:5)
  A worker ant (D:6)
  2 hound skeletons (D:4)
  4 mummies
  12 gnolls
  5 adders
  A shadow imp (D:6)
  An ooze (D:3)
  An adder zombie (D:4)
  3 worms
  12 orcs
  8 bats
  5 giant cockroaches
  13 hobgoblins
  4 jackals
  4 giant newts
  6 goblins
  6 kobolds
  A quokka zombie (D:5)
  13 rats
125 creatures vanquished.

Notes
Turn   | Place    | Note
--------------------------------------------------------------
     0 | D:1      | Ratboiler the Deep Elf Wanderer began the quest for the Orb.
     0 | D:1      | Ratboiler set off with: a +2 spear, a scroll of teleportation, the Catalogue of Lightness, a +0 robe, a +0 dagger, a bread ration
     0 | D:1      | Reached XP level 1. HP: 12/12 MP: 6/6
     0 | D:1      | Identified the Catalogue of Lightness
     2 | D:1      | Learned a level 1 spell: Shock
   131 | D:1      | Reached skill level 1 in Conjurations
   409 | D:1      | Reached XP level 2. HP: 16/16 MP: 6/8
   440 | D:1      | Learned a level 2 spell: Repel Missiles
  1084 | D:2      | Reached XP level 3. HP: 12/20 MP: 0/9
  1717 | D:2      | Found a sparkling altar of Nemelex Xobeh.
  2163 | D:2      | Found a shadowy altar of Dithmenos.
  2204 | D:3      | Found an ancient bone altar of Kikubaaqudgha.
  2245 | D:3      | Noticed BenSoosneb's ghost (amateur HOGl)
  2335 | D:3      | Reached XP level 4. HP: 25/25 MP: 8/11
  2621 | D:3      | Noticed Terence
  2648 | D:3      | Killed Terence
  2648 | D:3      | Reached skill level 4 in Conjurations
  3124 | D:3      | Reached XP level 5. HP: 29/29 MP: 9/13
  4532 | D:4      | Reached XP level 6. HP: 34/34 MP: 10/14
  5035 | D:5      | Entered Level 5 of the Dungeon
  5042 | D:5      | Reached skill level 5 in Air Magic
  5322 | D:5      | Reached XP level 7. HP: 38/38 MP: 11/15
  5397 | D:5      | Found an opulent altar of Gozag.
  5842 | D:5      | Reached skill level 6 in Air Magic
  6218 | D:6      | Found a sand-covered staircase.
  6245 | Ossuary  | Entered an ossuary
  6310 | Ossuary  | Reached skill level 7 in Air Magic
  6694 | Ossuary  | Reached skill level 8 in Air Magic
  6695 | Ossuary  | Reached XP level 8. HP: 27/43 MP: 6/16
  7143 | Ossuary  | Reached skill level 9 in Air Magic
  7217 | D:6      | Slain by a giant frog

Vault maps used:
D:1:      minmay_arrival_stair_chambers
D:2:      nemelex_deck, st_stairs_10, grunt_dithmenos_smoke
D:3:      overflow_temple_1_default, uniq_terence
D:4:      first_bread
D:5:      nicolae_gozag_seed_capital
D:6:      minitemple, nicolae_ossuary_entry_giza, basic_altar,
          corexii_checkpoint_a
Ossuary:  ossuary_minmay_four_chambers

Action                   |  1- 3 |  4- 6 |  7- 9 || total
-------------------------+-------+-------+-------++-------
Melee: Spear             |     8 |     8 |     1 ||    17
 Cast: Shock             |    90 |   152 |   112 ||   354
       Repel Missiles    |     1 |       |     1 ||     2
  Use: Scroll            |       |     6 |     1 ||     7
  Eat: Chunk             |     4 |     7 |     4 ||    15
       Royal jelly       |       |     1 |       ||     1
       Fruit             |       |       |     1 ||     1
